 Dungeon Crawl Stone Soup version 0.17.1-3-g152610e (webtiles) character file.

135 juanjsm the Digger (level 5, -9/28 HPs)
             Began as a Gargoyle Earth Elementalist on Mar 14, 2016.
             Killed by divine providence
             ... invoked by an orc priest
              (10 damage)
             ... on level 3 of the Dungeon.
             The game lasted 00:20:57 (2483 turns).

juanjsm the Digger (Gargoyle Earth Elementalist)    Turns: 2483, Time: 00:20:57

Health: -9/28      AC:  8    Str: 11    XL:     5   Next: 18%
Magic:  0/10       EV: 11    Int: 17    God:
Gold:   81         SH:  0    Dex: 10    Spells: 3 memorised, 4 levels left

rFire  . . .     SeeInvis .     t - +0 short sword
rCold  . . .     Clarity  .     f - +0 leather armour
rNeg   + . .     SustAt   .     (no shield)
rPois  ∞         Gourm    .     (no helmet)
rElec  +         Spirit   .     (no cloak)
rCorr  .         Warding  .     (no gloves)
rMut   .         Stasis   .     e - +0 pair of boots
MR     .....                    (no amulet)
Stlth  ++........               (no ring)
                                (no ring)

@: not resistant to hostile enchantments, unstealthy
A: negative energy resistance 1, electricity resistance, unbreathing,
petrification resistance, rot immunity, AC +4
a: no special abilities


You were on level 3 of the Dungeon.
You were not hungry.

You visited 1 branch of the dungeon, and saw 3 of its levels.

You collected 81 gold pieces.

Inventory:

Hand Weapons
 o - a +3 whip of draining
 t - a +0 short sword (weapon)
Missiles
 b - 88 stones (quivered)
 s - 16 sling bullets of frost
Armour
 a - a +0 robe
 e - a +0 pair of boots (worn)
 f - a +0 leather armour (worn)
Scrolls
 j - a scroll of enchant weapon {unknown}
 k - a scroll of identify {unknown}
 n - a scroll of fear {unknown}
 p - a scroll of magic mapping {unknown}
 u - a scroll of noise {unknown}
 v - 3 scrolls of remove curse {unknown}
 w - a scroll of teleportation {unknown}
 y - a scroll of immolation {unknown}
Potions
 h - a potion of degeneration {unknown}
 i - a potion of agility {unknown}
 m - 2 potions of curing {unknown}
 r - 2 potions of poison {unknown}
Books
 c - a book of Geomancy

   Spells                             Type                      Level
   a - Sandblast                      Earth                        1
   b - Stoneskin                      Transmutation/Earth          2
   c - Passwall                       Transmutation/Earth          3
   d - Stone Arrow                    Conjuration/Earth            3
   e - Petrify                        Transmutation/Earth          4
   f - Lee's Rapid Deconstruction     Earth                        5
Comestibles
 d - 5 bread rations
 g - 2 slices of pizza
 l - 4 chunks of flesh
 q - a beef jerky
 x - a meat ration


   Skills:
 + Level 0.7 Fighting
 + Level 0.6 Throwing
 + Level 2.0 Dodging
 + Level 2.4 Stealth
 + Level 3.4 Spellcasting
 + Level 0.4 Conjurations
 + Level 0.7 Transmutations
 + Level 4.7 Earth Magic


You had 4 spell levels left.
You knew the following spells:

 Your Spells              Type           Power        Failure   Level  Hunger
a - Sandblast             Erth           ###...       3%          1    None
b - Stoneskin             Trmt/Erth      ##......     12%         2    ##.....
c - Stone Arrow           Conj/Erth      ##....       28%         3    ###....


Dungeon Overview and Level Annotations

Branches:
Dungeon (3/15)

Altars:

Annotations:
D:3 juanjsm's ghost, amateur GrEE


Innate Abilities, Weirdness & Mutations

You are resistant to torment.
Your stone body is resilient (AC +4).
You are immune to poison.
You resist negative energy.
You are resistant to electric shocks.
You can survive without breathing.
You are immune to petrification.
You are immune to rotting.


Message History

Confirm with . or Enter, or press ? or * to list all spells.
Aiming: Sandblast
Press: ? - help, Shift-Dir - straight line, f/p - orc wizard
Aim: an orc wizard, wielding a dagger and wearing a robe (severely wounded, fast)
The blast of sand hits the orc wizard.
The orc wizard is severely wounded.
The orc priest calls down the wrath of Beogh upon you.
Something smites you!
* * * LOW HITPOINT WARNING * * *
The orc wizard hits you but does no damage.
Casting: Sandblast
Confirm with . or Enter, or press ? or * to list all spells.
Aiming: Sandblast
Press: ? - help, Shift-Dir - straight line, f/p - orc wizard
Aim: an orc wizard, wielding a dagger and wearing a robe (severely wounded, fast)
The blast of sand misses the orc wizard.
The orc wizard barely misses you.
The orc priest calls down the wrath of Beogh upon you.
Something smites you!
You die...

#........#
...........
#####..#.#
...........
##.#o#
#####......
#.#.# #......
#.#.# #......
#.#.# #......
#...# #......
##.o# #......
#.@# ##'####
##.# #.# #)#
#.# #.# #.# #.#
#.#
#.###########.#
#.............#
###############


You could see an orc priest and an orc wizard.

Vanquished Creatures
  3 gnolls (D:3)
  3 adders
  An ooze (D:2)
  A worm (D:2)
  A giant gecko (D:2)
  4 orcs
  2 ball pythons (D:1)
  12 bats
  6 goblins
  6 hobgoblins
  7 jackals
  2 quokkas (D:2)
  4 giant cockroaches
  A giant newt (D:1)
  11 kobolds
  3 rats
67 creatures vanquished.

Notes
Turn   | Place    | Note
--------------------------------------------------------------
     0 | D:1      | juanjsm the Gargoyle Earth Elementalist began the quest for the Orb.
     0 | D:1      | Reached XP level 1. HP: 10/10 MP: 3/3
    70 | D:1      | Reached skill level 4 in Earth Magic
   118 | D:1      | Reached XP level 2. HP: 15/15 MP: 1/5
   909 | D:1      | Learned a level 2 spell: Stoneskin
   943 | D:2      | Reached XP level 3. HP: 16/19 MP: 0/7
  1121 | D:2      | Learned a level 3 spell: Stone Arrow
  1514 | D:2      | Reached XP level 4. HP: 24/24 MP: 2/8
  1833 | D:3      | Noticed juanjsm's ghost (amateur GrEE)
  2207 | D:3      | Reached XP level 5. HP: 28/28 MP: 0/9
  2482 | D:3      | HP: 1/28 [orc priest/divine providence (9)]
  2483 | D:3      | Killed from afar by an orc priest

Action                   |  1- 3 |  4- 6 || total
-------------------------+-------+-------++-------
Melee: Unarmed           |     4 |       ||     4
       Short sword       |    51 |    42 ||    93
Throw: Stone             |    46 |    23 ||    69
 Cast: Sandblast         |    69 |    24 ||    93
       Stone Arrow       |     2 |    15 ||    17
  Eat: Chunk             |     3 |     5 ||     8
